 Dungeon Crawl Stone Soup version 0.17-a0-1691-g18a3847 (webtiles) character file.

30034 vatarom the Timeless (level 13, -7/108 HPs)
             Began as a Naga Transmuter on Aug 20, 2015.
             Was a High Priest of Cheibriados.
             Hit by a large rock thrown by a cyclops (16 damage)
             ... on level 14 of the Dungeon.
             The game lasted 00:50:54 (17145 turns).

vatarom the Timeless (Naga Transmuter)             Turns: 17145, Time: 00:50:54

Health: -7/108     AC:  8    Str: 26    XL:     13   Next: 49%
Magic:  22/33      EV: 18    Int: 32    God:    Cheibriados [*****.]
Gold:   814        SH:  0    Dex: 26    Spells: 5 memorised, 12 levels left

rFire  . . .     SeeInvis +       - Unarmed
rCold  . . .     Clarity  .     b - +1 robe
rNeg   . . .     SustAt   .     (shield currently unavailable)
rPois  +         Gourm    .     Q - +1 hat
rElec  .         Spirit   .     R - +0 cloak
rCorr  .         Warding  .     (gloves currently unavailable)
rMut   .         Stasis   .     (no barding)
MR     +....                    (no amulet)
Stlth  +++.......               q - +5 ring of intelligence
                                m - ring of magical power

@: blade hands, very slow, somewhat resistant to hostile enchantments, fairly
stealthy
A: see invisible, blink 1, deformed body, frail 1, poison resistance, slowness
2, slow metabolism 1, spit poison 2, constrict 1, AC +4
a: Spit Poison, End Transformation, Blink, Bend Time, Temporal Distortion,
Slouch, Step From Time, Renounce Religion


You were on level 14 of the Dungeon.
You worshipped Cheibriados.
Cheibriados was extremely pleased with you.
You were full.
You had blades for hands.
You visited 2 branches of the dungeon, and saw 15 of its levels.
You also visited: Ossuary.

You collected 964 gold pieces.
You spent 150 gold pieces at shops.

Inventory:

Missiles
 a - 264 arrows
 e - 9 javelins (quivered)
 i - 44 arrows of flame
Armour
 b - a +1 robe (worn)
 s - a +0 pair of gloves (melded)
 Q - a +1 hat (worn)
 R - a +0 cloak (worn)
Jewellery
 m - a ring of magical power (left scythe-like blade)
 q - a +5 ring of intelligence (right scythe-like blade)
 y - an uncursed ring of ice
 C - an uncursed ring of magical power
 E - an uncursed ring of protection from cold
 J - an uncursed ring of fire
 P - an uncursed ring of ice
 V - an uncursed amulet of faith
Magical devices
 k - a wand of paralysis (9)
 n - a wand of magic darts (15)
 t - a wand of flame (13)
 x - a wand of flame (12)
 D - a wand of draining (12)
 N - a wand of invisibility (2)
 S - a wand of magic darts (20)
Scrolls
 j - 14 scrolls of remove curse
 l - 5 scrolls of enchant armour
 u - 2 scrolls of magic mapping
 w - 3 scrolls of recharging
 G - a scroll of identify
 H - 4 scrolls of enchant weapon
 M - 2 scrolls of teleportation
 O - 2 scrolls of fog
Potions
 f - 4 potions of invisibility
 r - a potion of resistance
 v - 2 potions of flight
 z - 3 potions of curing
 A - 2 potions of might
 B - a potion of magic
 K - 5 potions of agility
 L - 3 potions of brilliance
 T - a potion of heal wounds
 U - a potion of cure mutation
Books
 c - a book of Changes

   Spells                             Type                      Level
   a - Beastly Appendage              Transmutation                1
   b - Sticks to Snakes               Transmutation                2
   c - Spider Form                    Transmutation/Poison         3
   d - Ice Form                       Ice/Transmutation            4
   e - Blade Hands                    Transmutation                5
 p - Kuubb's Collected Works on Intoxication
   (You found it on level 4 of the Dungeon)

   Spells                             Type                      Level
   a - Spider Form                    Transmutation/Poison         3
   b - Olgreb's Toxic Radiance        Poison                       4
   c - Alistair's Intoxication        Transmutation/Poison         4
   d - Poisonous Cloud                Conjuration/Poison/Air       6
 F - a book of Unlife

   Spells                             Type                      Level
   a - Recall                         Summoning/Translocation      3
   b - Animate Dead                   Necromancy                   4
   c - Control Undead                 Necromancy                   4
   d - Cigotuvi's Embrace             Necromancy                   5
   e - Death Channel                  Necromancy                   6
   f - Simulacrum                     Ice/Necromancy               6
Comestibles
 g - 3 beef jerkies
 h - 5 meat rations
 o - 26 fruits
 I - 3 slices of pizza


   Skills:
 - Level 9.2 Fighting
 - Level 8.4 Dodging
 - Level 3.0 Stealth
 - Level 7.5 Unarmed Combat
 + Level 7.6 Spellcasting
 * Level 9.3 Transmutations
 - Level 2.0 Ice Magic
 + Level 12.7 Invocations


You had 12 spell levels left.
You knew the following spells:

 Your Spells              Type           Power        Failure   Level  Hunger
a - Beastly Appendage     Trmt           ######       8%          1    None
b - Sticks to Snakes      Trmt           ######....   8%          2    None
c - Spider Form           Trmt/Pois      #####.....   17%         3    None
d - Ice Form              Ice/Trmt       #####...     32%         4    #......
e - Blade Hands           Trmt           ######....   24%         5    ####...


Dungeon Overview and Level Annotations

Branches:
Dungeon (14/15)            Temple (1/1) D:4            Lair (0/8) D:11
    Orc (0/4) D:9          Vaults (0/5) D:14

Altars:
Ashenzari
Cheibriados
Dithmenos
Elyvilon
Fedhas
Gozag
Kikubaaqudgha
Makhleb
Nemelex Xobeh
Okawaru
Qazlal
Ru
Sif Muna
Trog
Vehumet
Xom
Yredelemnul
Zin
The Shining One

Shops:
D:7 *

Annotations:
D:10 1 runed door


Innate Abilities, Weirdness & Mutations

You cannot wear boots.
Your serpentine skin is tough (AC +4).
You have supernaturally acute eyesight.
Armour fits poorly on your strangely shaped body.
Your system is resistant to poisons.
You cover ground very slowly.
You have a slow metabolism.
You can spit poison.
You can use your snake-like lower body to constrict enemies.
You can translocate small distances at will.
You are frail (-10% HP).


Message History

A cyclops comes into view.
The cyclops shouts!
You slash the orc priest!
You kill the orc priest!
Cheibriados appreciates the change of pace.
The cyclops throws a large rock.
The large rock hits you!!
The cyclops throws a large rock.
The large rock hits you!!
* * * LOW HITPOINT WARNING * * *
Items here: ( ) ? [ 2 large rocks; a short sword; a scale mail; a scroll of identify Unknown command.
Drink which item? (? for menu, Esc to quit)
Okay, then.
Casting: Blade Hands
Confirm with . or Enter, or press ? or * to list all spells.
Okay, then.
Use which ability? (? or * to list)
You fail to use your ability.
The cyclops throws a large rock.
The large rock hits you!
You die...

# ##. ###..
...... #
###...#######C.#
..........@....#
###..........##
#####..........
#.######### #.#
#.# #.# #.# .#


You could see a cyclops.

Vanquished Creatures
  Gastronok (D:10)
  Frances (D:13)
  Azrael (D:12)
  The ghost of 4thArraOfDagon the Grappler, a powerful TrCK of Cheibriados (D:14)
  A fire dragon (D:11)
  A hydra (D:12)
  Erica (D:11)
  A centaur warrior (D:13)
  Urug (D:11)
  An unseen horror (D:11)
  Pikel (D:7)
  2 wizards (D:14)
  3 necromancers (D:14)
  A cyclops (D:12)
  A hill giant (D:13)
  An ugly thing (D:13)
  Psyche (D:8)
  A komodo dragon (D:13)
  2 two-headed ogres
  Grinder (D:6)
  A trapdoor spider zombie (D:11)
  3 trolls
  2 shadows (D:13)
  2 fire elementals (D:12)
  5 hippogriffs
  3 wyverns
  18 humans (D:14)
  Eustachio (D:6)
  10 yaks
  Menkaure (D:4)
  2 steam dragons
  13 orc warriors
  A slave (D:7)
  5 black bears
  A necrophage (D:9)
  7 ogres
  A sky beast (D:4)
  2 hell hounds (D:12)
  2 phantoms
  An eye of draining (D:11)
  4 ice beasts
  8 centaurs
  2 crocodiles
  13 big kobolds
  9 giant frogs
  Blork the orc (D:4)
  2 wyvern zombies
  A water moccasin zombie (Ossuary)
  5 scorpions
  11 killer bees
  4 wights (D:9)
  11 bog bodies (Ossuary)
  8 crimson imps
  3 giant frog zombies
  11 orc priests
  A gnoll shaman (D:8)
  5 giant frog skeletons
  6 jellies
  3 hounds
  9 orc wizards
  A quasit (D:7)
  Terence (D:3)
  7 iguanas
  12 worker ants
  A hound skeleton (D:4)
  A hound zombie (D:5)
  7 mummies (Ossuary)
  2 worker ant zombies (Ossuary)
  13 gnolls
  Natasha (twice) (D:4)
  A river rat (D:6)
  13 adders
  A shadow imp (D:13)
  2 oozes
  3 adder zombies
  4 worms
  9 giant geckos
  63 orcs
  9 giant cockroaches
  11 goblins
  8 hobgoblins
  15 jackals
  21 kobolds
  2 quokkas (D:5)
  8 bats
  A giant cockroach zombie (Ossuary)
  A giant gecko zombie (Ossuary)
  5 giant newts
  A jackal zombie (Ossuary)
  2 quokka zombies (Ossuary)
  17 rats
  A rat zombie (D:8)
467 creatures vanquished.

Vanquished Creatures (collateral kills)
  Natasha (D:4)
  A worm (D:2)
  An orc (D:3)
  A jackal (D:4)
4 creatures vanquished.

Vanquished Creatures (others)
  4 plants (Ossuary)
4 creatures vanquished.

Grand Total: 475 creatures vanquished

Notes
Turn   | Place    | Note
--------------------------------------------------------------
     0 | D:1      | vatarom the Naga Transmuter began the quest for the Orb.
     0 | D:1      | Reached XP level 1. HP: 18/18 MP: 3/3
   103 | D:1      | Reached skill level 1 in Stealth
   146 | D:1      | Reached XP level 2. HP: 25/25 MP: 5/5
   150 | D:1      | Learned a level 2 spell: Sticks to Snakes
   828 | D:2      | Found a bloodstained altar of Trog.
   831 | D:2      | Reached XP level 3. HP: 30/32 MP: 4/6
   836 | D:2      | Learned a level 3 spell: Spider Form
  1311 | D:2      | HP: 1/33 [worm (7)]
  1551 | D:2      | Reached XP level 4. HP: 35/40 MP: 7/7
  1573 | D:2      | Found a shattered altar of Ashenzari.
  2423 | D:3      | Noticed Terence
  2438 | D:3      | Killed Terence
  2438 | D:3      | Reached XP level 5. HP: 45/49 MP: 8/8
  3057 | D:3      | Reached skill level 4 in Fighting
  3390 | D:4      | Found a staircase to the Ecumenical Temple.
  3408 | Temple   | Entered the Ecumenical Temple
  3506 | Temple   | Became a worshipper of Cheibriados the Contemplative
  3566 | D:4      | Reached XP level 6. HP: 37/57 MP: 9/9
  3750 | D:4      | Noticed an ogre
  3766 | D:4      | Killed an ogre
  3897 | D:4      | Noticed Menkaure
  3910 | D:4      | Killed Menkaure
  3910 | D:4      | Reached skill level 5 in Fighting
  3910 | D:4      | Reached XP level 7. HP: 42/67 MP: 10/10
  3998 | D:4      | Noticed Natasha
  4010 | D:4      | Killed Natasha
  4042 | D:4      | Learned a level 4 spell: Ice Form
  4203 | D:4      | Noticed Blork the orc
  4226 | D:4      | Killed Blork the orc
  4226 | D:4      | Reached skill level 1 in Ice Magic
  4630 | D:4      | Identified Kuubb's Collected Works on Intoxication
  4695 | D:4      | Acquired Cheibriados's first power
  4806 | D:4      | Noticed Natasha
  4810 | D:4      | Killed Natasha
  4830 | D:4      | Noticed Natasha
  4834 | D:4      | Killed Natasha
  4976 | D:5      | Entered Level 5 of the Dungeon
  5397 | D:5      | Found a radiant altar of Vehumet.
  5456 | D:5      | Reached XP level 8. HP: 66/74 MP: 12/12
  6094 | D:6      | Noticed Grinder
  6491 | D:6      | Reached skill level 5 in Transmutations
  6659 | D:6      | Reached skill level 1 in Invocations
  6666 | D:6      | Acquired Cheibriados's second power
  6733 | D:6      | Noticed Eustachio
  6773 | D:6      | Killed Eustachio
  6821 | D:6      | Found a sparkling altar of Nemelex Xobeh.
  6851 | D:6      | Killed Grinder
  6851 | D:6      | Reached XP level 9. HP: 74/81 MP: 14/14
  6984 | D:6      | Learned a level 5 spell: Blade Hands
  7001 | D:6      | Reached skill level 5 in Dodging
  7261 | D:6      | Reached skill level 5 in Invocations
  7439 | D:6      | Found a glowing golden altar of the Shining One.
  7959 | D:7      | Found a stormy altar of Qazlal.
  8043 | D:7      | Found Iniwe's Assorted Antiques.
  8053 | D:7      | Bought a potion of heal wounds for 150 gold pieces
  8257 | D:7      | Reached skill level 6 in Invocations
  8370 | D:7      | Noticed Pikel
  8380 | D:7      | Killed Pikel
  8380 | D:7      | Reached skill level 5 in Spellcasting
  8515 | D:7      | Reached skill level 7 in Invocations
  8696 | D:8      | Reached XP level 10. HP: 75/88 MP: 18/18
  8847 | D:8      | Reached skill level 5 in Unarmed Combat
  8873 | D:8      | Reached skill level 8 in Invocations
  9068 | D:8      | Found a sand-covered staircase.
  9090 | D:8      | Acquired Cheibriados's third power
  9148 | Ossuary  | Entered an ossuary
  9817 | Ossuary  | Gained mutation: You can translocate small distances at will. [potion of beneficial mutation]
  9966 | D:8      | Found a glowing silver altar of Zin.
 10121 | D:8      | Reached skill level 9 in Invocations
 10685 | D:8      | Noticed Psyche
 10690 | D:8      | Killed Psyche
 10852 | D:8      | Reached skill level 10 in Invocations
 10885 | D:8      | Found a blossoming altar of Fedhas.
 11189 | D:9      | Reached XP level 11. HP: 41/96 MP: 19/19
 11694 | D:9      | Found a staircase to the Orcish Mines.
 12205 | D:10     | Entered Level 10 of the Dungeon
 12530 | D:10     | Noticed Gastronok
 12673 | D:10     | Killed Gastronok
 13016 | D:10     | Found a runed door.
 13038 | D:10     | Found a runed door.
 13081 | D:10     | Gained mutation: You are frail (-10% HP). [miscasting Blade Hands]
 13097 | D:10     | Acquired Cheibriados's fourth power
 13785 | D:11     | Noticed an unseen horror
 13790 | D:11     | Killed an unseen horror
 13790 | D:11     | Reached skill level 11 in Invocations
 13971 | D:11     | Noticed Erica
 13977 | D:11     | Killed Erica
 13977 | D:11     | Reached XP level 12. HP: 54/100 MP: 10/20
 14349 | D:11     | Noticed Urug
 14362 | D:11     | Killed Urug
 14465 | D:11     | Found a staircase to the Lair.
 14569 | D:11     | Noticed a fire dragon
 14583 | D:11     | Killed a fire dragon
 15189 | D:12     | Noticed Azrael
 15207 | D:12     | Killed Azrael
 15414 | D:12     | Noticed a four-headed hydra
 15422 | D:12     | Killed a four-headed hydra
 16020 | D:13     | Reached skill level 12 in Invocations
 16162 | D:13     | Noticed Frances
 16332 | D:13     | Killed Frances
 16332 | D:13     | Gained mutation: You can use your snake-like lower body to constrict enemies. [Naga growth]
 16332 | D:13     | Reached XP level 13. HP: 85/108 MP: 23/23
 16404 | D:13     | Noticed a centaur warrior
 16408 | D:13     | Killed a centaur warrior
 16897 | D:14     | Noticed 4thArraOfDagon's ghost (powerful TrCK)
 16940 | D:14     | Killed 4thArraOfDagon's ghost
 17133 | D:14     | Found a gate to the Vaults.
 17134 | D:14     | Noticed a vault guard
 17134 | D:14     | Noticed a vault guard
 17145 | D:14     | Hit by a large rock thrown by a cyclops

Vault maps used:
D:1:      onia_arrival_pyramid
D:2:      bloody_trog, ashenzari_conservatory_becter, first_bread,
          minmay_rat_gold_closets
D:3:      uniq_terence
D:4:      minmay_temple_entry_crystal_x, uniq_blork_the_orc, uniq_menkaure,
          uniq_natasha
D:5:      old_standard_altar, corexii_leaking_fountain
D:6:      kennysheep_big_flooded_room, kennysheep_little_box,
          nicolae_overflow_hidden_temple, gup_sewer_entry_spiral,
          uniq_eustachio, uniq_grinder
D:7:      kennysheep_six_static_rooms, nicolae_qazlal_general_emergency,
          serial_shops, shop, uniq_pikel
D:8:      zin_statuary, enter_ossuary_3, special_room, hangedman_tree_tricks,
          sigmund_army, uniq_psyche
D:9:      hiddenorc1_lemuel
D:10:     lemuel_insect_pit, uniq_gastronok
D:11:     dragon1_lemuel, lair_0_dummy, uniq_erica, uniq_urug
D:12:     uniq_azrael
D:13:     uniq_frances
D:14:     grunt_vaults_entry_tiered, grunt_decor_one_mirror, uniq_kirke
Temple:   circular_temple_pool_12
Ossuary:  ossuary_zaba_flooded

Action                   |  1- 3 |  4- 6 |  7- 9 | 10-12 | 13-15 || total
-------------------------+-------+-------+-------+-------+-------++-------
Melee: Unarmed           |    97 |   145 |   394 |   571 |    43 ||  1250
 Cast: Beastly Appendage |     9 |     5 |     7 |     1 |       ||    22
       Sticks to Snakes  |     4 |     1 |     3 |     1 |       ||     9
       Spider Form       |     1 |     9 |     7 |     1 |       ||    18
       Ice Form          |       |       |    11 |    21 |       ||    32
       Blade Hands       |       |       |     1 |    45 |     9 ||    55
Invok: Bend Time         |       |     1 |       |     1 |       ||     2
       Temporal Distorti |       |       |     3 |     7 |     1 ||    11
       Slouch            |       |       |       |     9 |     4 ||    13
 Abil: Spit Poison       |    24 |    20 |    23 |    18 |     2 ||    87
       End Transformatio |       |       |     1 |     3 |       ||     4
       Blink             |       |       |       |     1 |       ||     1
Evoke: Wand              |       |       |       |     2 |       ||     2
  Use: Scroll            |     7 |     3 |     4 |    10 |     3 ||    27
       Potion            |     2 |     5 |     4 |    10 |       ||    21
 Stab: Sleeping          |     5 |     1 |     9 |     5 |     1 ||    21
       Distracted        |       |     1 |     1 |     1 |       ||     3
  Eat: Chunk             |     3 |       |       |     2 |       ||     5
       Bread ration      |       |     3 |     3 |     6 |     2 ||    14
       Royal jelly       |       |       |     1 |       |       ||     1
       Beef jerky        |       |       |       |     1 |       ||     1
       Meat ration       |       |       |       |     1 |       ||     1
